 Dungeon Crawl Stone Soup version 0.29.1-15-g9cfb28693d (webtiles) character file.

Game seed: 12132545481274577255

117 ThatPearl the Stinger (level 4, 0/34 HPs)
             Began as a Demonspawn Venom Mage on Mar 12, 2023.
             Slain by Grinder (6 damage)
             ... on level 3 of the Dungeon.
             The game lasted 00:07:29 (3472 turns).

ThatPearl the Stinger (Demonspawn Venom Mage)       Turns: 3472, Time: 00:07:31

Health: 0/34       AC:  2    Str:  8    XL:     4   Next: 71%
Magic:  4/8        EV: 12    Int: 19    God:
Gold:   166        SH:  0    Dex: 13    Spells: 1/9 levels left

rFire   . . .      SeeInvis .   l - +1 hand axe (venom)
rCold   . . .      Faith    .   (no shield)
rNeg    . . .      Spirit   .   a - +0 robe
rPois   .          Reflect  .   (helmet restricted)
rElec   .          Harm     .   (no cloak)
rCorr   .          Rampage  .   (no gloves)
Will    .....                   (no boots)
Stlth   ++........              i - amulet of the acrobat
HPRegen 0.11/turn               g - ring of wizardry
MPRegen 0.11/turn               (no ring)

@: very slightly contaminated
A: antennae 2
a: no special abilities


You were on level 3 of the Dungeon.
You visited 1 branch of the dungeon, and saw 3 of its levels.

You collected 166 gold pieces.

Inventory:

Hand Weapons
 l - a +1 hand axe of venom (weapon)
Missiles
 j - 5 poisoned darts
Armour
 a - a +0 robe (worn)
Jewellery
 g - a ring of wizardry (left hand)
 i - an amulet of the acrobat (around neck)
Scrolls
 c - a scroll of identify {unknown}
 d - a scroll of silence {unknown}
 f - 2 scrolls of fog {unknown}
 k - 2 scrolls of teleportation {unknown}
 o - 2 scrolls of blinking {unknown}
 p - a scroll of immolation {unknown}
Potions
 b - a potion of magic
 e - a potion of curing {unknown}
 h - a potion of cancellation {unknown}
 m - a potion of mutation {unknown}
 n - 3 potions of flight {unknown}
 q - a potion of attraction {unknown}


   Skills:
 + Level 2.3 Fighting
 - Level 1.7 Dodging
 - Level 1.7 Stealth
 + Level 3.0 Spellcasting
 + Level 0.3 Conjurations
 - Level 0.8 Transmutations
 + Level 3.9 Poison Magic


You had one spell level left.
You knew the following spells:

 Your Spells              Type           Power      Damage    Failure   Level
a - Sting                 Tmut/Pois      48%        1d5       2%          1
c - Mephitic Cloud        Conj/Pois/Air  8%         N/A       11%         3
r - Olgreb's Toxic Radia  Pois           18%        N/A       12%         4

Your spell library contained the following spells:

 Spells                   Type           Power      Damage    Failure   Level
 Poisonous Vapours        Pois/Air       20%        N/A       4%          2


Dungeon Overview and Level Annotations

Branches:
Dungeon (3/15)

Altars:

Annotations:
D:3 Grinder


Innate Abilities, Weirdness & Mutations

You have a pair of antennae on your head.


Message History

Aim: a hobgoblin (71% to hit)
The sting hits the hobgoblin.
The hobgoblin is poisoned.
The hobgoblin is lightly wounded.
Aiming: Sting (safe; 2% risk of failure)
Press: ? - help, Q - select action, (/) - cycle Shift-Dir - straight line, f/p - hobgoblin
Aim: a hobgoblin (lightly wounded, poisoned, 71% to hit)
The sting hits the hobgoblin.
The hobgoblin looks even sicker.
The hobgoblin is moderately wounded.
Press: ? - help, v - describe, . - travel
Here: Grinder, carrying a wand of flame (6)
The floor.
You kill the hobgoblin!
Aiming: Sting (safe; 2% risk of failure)
Press: ? - help, Q - select action, (/) - cycle Shift-Dir - straight line, f - Grinder
Aim: Grinder, carrying a wand of flame (6) (68% to hit)
The sting hits Grinder but does no damage.
Grinder is poisoned.
Aiming: Sting (safe; 2% risk of failure)
Press: ? - help, Q - select action, (/) - cycle Shift-Dir - straight line, f/p - Grinder
Aim: Grinder, carrying a wand of flame (6) (poisoned, 68% to hit)
The sting hits Grinder.
Grinder looks even sicker.
Grinder is lightly wounded.
Grinder zaps a wand.
The puff of flame hits you!
Aiming: Sting (safe; 2% risk of failure)
Press: ? - help, Q - select action, (/) - cycle Shift-Dir - straight line, f/p - Grinder
Aim: Grinder, carrying a wand of flame (5) (lightly wounded, very poisoned, 68% to hit)
The sting hits Grinder.
Grinder partially resists.
Grinder is lightly wounded.
Grinder zaps a wand.
The puff of flame hits you!
Aiming: Sting (safe; 2% risk of failure)
Press: ? - help, Q - select action, (/) - cycle Shift-Dir - straight line, f/p - Grinder
Aim: Grinder, carrying a wand of flame (4) (lightly wounded, very poisoned, 68% to hit)
You miscast Sting.
You are very lightly contaminated with residual magic.
Nothing appears to happen.
Grinder says, "Wait up."
Grinder hits you.
* * * LOW HITPOINT WARNING * * *
You writhe in agony.
You die...

#.# ###.#
#...#
#.######
#####......#
#.....####.#
.....###.#
### #5###
#@..#
###.###
#.....#
#.....#
#.....#
#.....#
#<....#
#######


You could see Grinder (very poisoned).

Vanquished Creatures
  Robin (D:2)
  4 adders (D:2)
  2 worms (D:2)
  2 dart slugs
  5 endoplasms
  A giant cockroach (D:2)
  11 goblins
  12 hobgoblins
  5 quokkas (D:2)
  A ball python (D:2)
  2 bats
  A frilled lizard (D:2)
  5 kobolds
  3 rats
55 creatures vanquished.

Notes
Turn   | Place    | Note
-------+----------+-------------------------------------------
     0 | D:1      | ThatPearl the Demonspawn Venom Mage began the quest for the
                  | Orb.
     0 | D:1      | Reached XP level 1. HP: 13/13 MP: 3/3
   757 | D:1      | Gained mutation: You have a pair of small antennae on your
                  | head. [demonic ancestry]
   757 | D:1      | Reached XP level 2. HP: 16/20 MP: 3/5
  1083 | D:1      | Reached skill level 1 in Fighting
  1534 | D:2      | Found a faded altar of an unknown god.
  1534 | D:2      | Noticed Robin
  1592 | D:2      | Gained mutation: You have a pair of antennae on your head.
                  | [demonic ancestry]
  1592 | D:2      | Reached XP level 3. HP: 22/26 MP: 1/6
  2349 | D:2      | Reached XP level 4. HP: 33/33 MP: 6/8
  2361 | D:2      | Killed Robin
  2658 | D:2      | Learned a level 3 spell: Mephitic Cloud
  2663 | D:2      | Learned a level 4 spell: Olgreb's Toxic Radiance
  3449 | D:3      | Noticed Grinder
  3472 | D:3      | Slain by Grinder

Illustrated notes

Levels and vault maps discovered:
D:1:      dpeg_arrival_round_c, layout_loops_ring
D:2:      layout_basic, ebering_ecumenical_altar_sacrificial, uniq_robin
D:3:      layout_loops_cross, general_overflow_altar, minitemple, uniq_grinder,
          uniq_natasha

Skill      XL: |  1  2  3  4 |
---------------+-------------+-----
Fighting       | 1 2 |  2.3
Spellcasting   | 3 |  3.0
Dodging        | |  1.7
Stealth        | |  1.7
Conjurations   | |  0.3
Transmutations | |  0.8
Poison Magic   | |  3.9

Action                   |  1- 3 |  4- 6 || total
-------------------------+-------+-------++-------
Melee: Unarmed           |    10 |       ||    10
       Hand axe          |    27 |    14 ||    41
       Punch             |     1 |       ||     1
 Cast: Sting             |    63 |    48 ||   111
 Stab: Sleeping          |     1 |       ||     1
Armor: Robe              |     7 |    13 ||    20
Dodge: Dodged            |    44 |    25 ||    69
